 Dungeon Crawl Stone Soup version 0.31-a0-620-gd1cbd99268 (webtiles) character file.

Game seed: 16051713073387108287

3500 Fodor the Cleaver (level 9, -2/81 HPs)
             Began as a Minotaur Fighter on Aug 23, 2023.
             Was an Initiate of Gozag.
             Slain by a gnoll sergeant
             ... wielding a +2 spear of venom
              (10 damage)
             ... on level 8 of the Dungeon on Aug 24, 2023.
             The game lasted 00:39:20 (7231 turns).

Fodor the Cleaver (Minotaur Fighter)                Turns: 7231, Time: 00:39:23

Health: -2/81      AC: 12    Str: 26    XL:     9   Next: 80%
Magic:  8/8        EV:  7    Int:  5    God:    Gozag
Gold:   1019       SH: 13    Dex:  9    Spells: 8/8 levels left

rFire   + . .        k - +2 war axe
rCold   . . .        m - +0 tower shield
rNeg    . . .        n - +0 chain mail
rPois   .            (helmet restricted)
rElec   .            (no cloak)
rCorr   .            (no gloves)
SInv    .            y - +0 pair of boots
Will    .....        (no amulet) Stlth
                     F - ring of protection from fire
HPRegen 0.33/turn    G - +4 ring of slaying
MPRegen 0.11/turn

%: no passive effects
@: lethally poisoned (-2 -> -14)
A: horns 2, retaliatory headbutt
a: Renounce Religion, Potion Petition, Call Merchant, Bribe Branch


You were on level 8 of the Dungeon.
You worshipped Gozag.
Gozag was most pleased with you.
You visited 2 branches of the dungeon, and saw 9 of its levels.
You also visited: Ossuary.

You collected 1061 gold pieces.
You paid 42 gold pieces to Gozag.

Inventory:

Hand Weapons
 k - a +2 war axe (weapon)
Missiles
 c - 2 throwing nets
 h - 4 curare-tipped darts (quivered)
 E - 8 boomerangs
Armour
 m - a +0 tower shield (worn)
 n - a +0 chain mail (worn)
 y - a +0 pair of boots (worn)
Jewellery
 v - a ring of flight
 F - a ring of protection from fire (left hand)
 G - a +4 ring of slaying (right hand)
Wands
 r - a wand of paralysis (7)
 x - a wand of flame (20)
Scrolls
 a - a scroll of silence {unknown}
 e - 3 scrolls of immolation
 f - 2 scrolls of brand weapon {unknown}
 g - 5 scrolls of teleportation
 j - a scroll of fog {unknown}
 l - 3 scrolls of amnesia {unknown}
 p - a scroll of revelation
 q - a scroll of poison
 u - 2 scrolls of torment {unknown}
 w - 2 scrolls of vulnerability
 A - 2 scrolls of fear
 B - 2 scrolls of identify
Potions
 b - 3 potions of heal wounds {unknown}
 d - a potion of might
 i - a potion of lignification {unknown}
 o - 3 potions of enlightenment {unknown}
 s - a potion of brilliance {unknown}
 t - 4 potions of curing
 z - 2 potions of haste {unknown}
 C - 2 potions of attraction {unknown}
 D - 3 potions of mutation
 H - a potion of ambrosia {unknown}


   Skills:
 + Level 7.8 Fighting
 + Level 3.6 Long Blades
 + Level 10.4 Axes
 + Level 0.1 Throwing
 + Level 8.9 Armour
 + Level 3.3 Dodging
 + Level 1.0 Stealth
 + Level 6.8 Shields


You had 8 spell levels left.
You didn't know any spells.
Your spell library contained the following spells:

 Spells                   Type           Power      Damage    Failure   Level
 Ensorcelled Hibernation  Hex/Ice        0%         N/A       100%        2
 Wereblood                Tmut           0%         N/A       100%        2
 Ozocubu's Armour         Ice            0%         N/A       100%        3
 Cause Fear               Hex            0%         N/A       100%        4
 Sticky Flame             Conj/Fire      0%         2d3       100%        4
 Summon Ice Beast         Ice/Summ       0%         N/A       100%        4
 Fireball                 Conj/Fire      0%         3d3       100%        5
 Irradiate                Conj/Tmut      0%         3d11      100%        5
 Iskenderun's Battlesphe  Conj           0%         2d6       100%        5
 Metabolic Englaciation   Hex/Ice        0%         N/A       100%        5
 Summon Mana Viper        Hex/Summ       0%         N/A       100%        5
 Conjure Ball Lightning   Conj/Air       0%         3x3d6     100%        6
 Haunt                    Necr/Summ      0%         N/A       100%        7
 Monstrous Menagerie      Summ           0%         N/A       100%        7
 Orb of Destruction       Conj           0%         9d5       100%        7
 Borgnjor's Revivificati  Necr           0%         N/A       100%        8
 Discord                  Hex            0%         N/A       100%        8
 Death's Door             Necr           0%         N/A       100%        9
 Fire Storm               Conj/Fire      0%         5d1       100%        9
 Simulacrum               Ice/Necr       Unusable   N/A       N/A         6

Dungeon Overview and Level Annotations

Branches:
Dungeon (8/15)             Temple (1/1) D:4            Lair (0/5) D:8
Ossuary (visited)

Altars:
Ashenzari
Cheibriados
Elyvilon
Fedhas
Gozag
Hepliaklqana
Kikubaaqudgha
Makhleb
Nemelex Xobeh
Okawaru
Qazlal
Ru
Sif Muna
Trog
Uskayaw
Vehumet
Wu Jian
Xom
Yredelemnul
Zin
The Shining One


Innate Abilities, Weirdness & Mutations

You have a pair of horns on your head.
You reflexively headbutt those who attack you in melee.


Message History

You block the gnoll sergeant's attack.
Things that are here:
7 gold pieces; a +0 whip A gnoll comes into view.
It is wielding a +0 spear.
You feel very sick.
The gnoll shouts!
You block the gnoll sergeant's attack.
You closely miss the gnoll sergeant.
You feel very sick.
An orc comes into view. It is wielding a +0 club.
The gnoll sergeant hits you but does no damage.
You are more poisoned.
You slash the gnoll sergeant!
The gnoll sergeant is heavily wounded.
You feel very sick. The gnoll sergeant closely misses you.
You hit the gnoll sergeant but do no damage.
The gnoll sergeant is heavily wounded.
You feel very sick. You block the gnoll sergeant's attack.
You slash the gnoll sergeant! The gnoll sergeant blocks your attack.
The gnoll sergeant is almost dead.
You feel very sick.
The gnoll sergeant hits you with a +2 spear of venom.
You are more poisoned.
The gnoll sergeant hits you with a +2 spear of venom.
The gnoll sergeant blocks your attack.
The gnoll sergeant is almost dead.
You feel very sick.
The gnoll sergeant hits you with a +2 spear of venom!
* * * LOW HITPOINT WARNING * * *
You are lethally poisoned!
The gnoll sergeant blocks your attack.
You headbutt the gnoll sergeant, but do no damage.
The gnoll sergeant is almost dead.
* * * LOW HITPOINT WARNING * * *
You feel very sick.
The gnoll sergeant hits you with a +2 spear of venom!
You die...
Your body crumbles into a pile of gold.

#...########
###......##.
#......... ######
##......###
#....####..........
#................##
#...$.####........#
#....## #......#)#
#.@$.# .......#)#
##g### ########..


#oo ##. oog# ### ..... #.. ....... #....# #######. ###.(. ## ##.# .. You could
see a gnoll sergeant, a gnoll and 4 orcs.

Vanquished Creatures
  Sigmund (D:4)
  A shadow (D:5)
  3 yaks (D:8)
  An acid dragon (D:8)
  A water moccasin (D:7)
  Duvessa (D:5)
  A sky beast (D:6)
  A black bear (D:4)
  2 orc warriors (D:7)
  3 ogres
  A centaur (D:7)
  2 phantoms
  A kobold brigand (D:8)
  5 scorpions
  A bullfrog (D:7)
  Dowan (D:5)
  A howler monkey (D:6)
  A vampire bat (D:5)
  2 gnoll boudas
  A hound (D:5)
  3 orc priests
  3 jellies
  4 iguanas
  A sleepcap (D:5)
  Ijyb (D:3)
  Natasha (thrice) (D:2)
  4 orc wizards
  4 mummies (Ossuary)
  17 gnolls
  6 adders
  A shadow imp (D:7)
  2 white imps
  A worm (D:2)
  2 dart slugs
  26 orcs
  4 bat skeletons (D:5)
  2 bat zombies (D:5)
  6 endoplasms
  4 giant cockroaches
  6 goblins
  5 hobgoblins
  15 kobolds
  6 quokkas
  8 ball pythons
  5 bats
  3 frilled lizards
  A gnoll zombie (Ossuary)
  A goblin zombie (Ossuary)
  2 hobgoblin zombies (Ossuary)
  3 kobold zombies (Ossuary)
  An orc zombie (Ossuary)
  7 rats
188 creatures vanquished.

Notes
Turn   | Place    | Note
-------+----------+-------------------------------------------
     0 | D:1      | Fodor the Minotaur Fighter began the quest for the Orb.
     0 | D:1      | Reached XP level 1. HP: 19/19 MP: 0/0
   273 | D:1      | Reached XP level 2. HP: 23/27 MP: 1/1
   317 | D:1      | Found a faded altar of an unknown god.
   583 | D:2      | Noticed Natasha
   594 | D:2      | Killed Natasha
   595 | D:2      | Reached XP level 3. HP: 14/33 MP: 2/2
   844 | D:2      | Reached XP level 4. HP: 40/40 MP: 3/3
   923 | D:2      | Noticed Natasha
   938 | D:2      | Killed Natasha
  1014 | D:2      | Noticed Natasha
  1020 | D:2      | Killed Natasha
  1221 | D:3      | Reached XP level 5. HP: 41/47 MP: 4/4
  1530 | D:3      | Got Sif Muna's Catalogue of the Beguiling Crevasse
  1818 | D:3      | Noticed Ijyb
  1818 | D:3      | Paralysed by Ijyb for 2 turns
  1828 | D:3      | Paralysed by Ijyb for 3 turns
  1831 | D:3      | Killed Ijyb
  1832 | D:3      | Reached skill level 1 in Axes
  1967 | D:4      | Reached skill level 5 in Armour
  2091 | D:4      | Reached skill level 2 in Axes
  2162 | D:4      | Noticed a black bear
  2174 | D:4      | Killed a black bear
  2175 | D:4      | Reached skill level 3 in Axes
  2175 | D:4      | Reached XP level 6. HP: 36/55 MP: 5/5
  2344 | D:4      | Reached skill level 5 in Shields
  2423 | D:4      | Noticed Sigmund
  2424 | D:4      | Found a staircase to the Ecumenical Temple.
  2437 | D:4      | Killed Sigmund
  2438 | D:4      | Reached skill level 5 in Fighting
  2438 | D:4      | Reached skill level 4 in Axes
  2438 | D:4      | Reached skill level 1 in Dodging
  2438 | D:4      | Reached XP level 7. HP: 25/61 MP: 6/6
  2563 | Temple   | Entered the Ecumenical Temple
  2688 | Temple   | Became a worshipper of Gozag Ym Sagoz the Greedy
  2770 | D:4      | Found a shimmering blue altar of Sif Muna.
  2947 | D:4      | Reached skill level 5 in Axes
  3380 | D:5      | Entered Level 5 of the Dungeon
  3394 | D:5      | Found a sand-covered staircase.
  3453 | Ossuary  | Entered an ossuary
  3906 | D:5      | Reached skill level 6 in Axes
  3906 | D:5      | Reached XP level 8. HP: 52/69 MP: 7/7
  4053 | D:5      | Identified the +8 dagger "Seatixo" {protect, rPois Int-3
                  | Dex+5}
  4252 | D:5      | Reached skill level 7 in Axes
  4287 | D:5      | Found an ancient bone altar of Kikubaaqudgha.
  4295 | D:5      | Noticed Duvessa
  4297 | D:5      | Noticed Dowan
  4305 | D:5      | Killed Duvessa
  4312 | D:5      | HP: 3/70 [Dowan/stone arrow (13)]
  4324 | D:5      | Killed Dowan
  4620 | D:5      | Found a stormy altar of Qazlal.
  4677 | D:6      | Reached skill level 8 in Axes
  5081 | D:6      | Found a burning altar of Makhleb.
  5827 | D:7      | Reached XP level 9. HP: 53/78 MP: 8/8
  6093 | D:7      | Reached skill level 9 in Axes
  6152 | D:7      | Found an ornate altar of the Wu Jian Council.
  6724 | D:7      | Found a shimmering altar of Xom.
  6724 | D:7      | Found a white marble altar of Elyvilon.
  6905 | D:8      | Reached skill level 1 in Stealth
  6980 | D:8      | Found a staircase to the Lair.
  7048 | D:8      | Got the Parchment of Attacks
  7105 | D:8      | Reached skill level 10 in Axes
  7161 | D:8      | Found a glowing silver altar of Zin.
  7161 | D:8      | Noticed an angel
  7231 | D:8      | Slain by a gnoll sergeant

Illustrated notes

Levels and vault maps discovered:
D:1:      orjb1_lava_funnel, layout_basic, shapermc_ecumenical_altar_notcrosses
D:2:      layout_rooms, uniq_natasha
D:3:      layout_basic, minivault_27, kennysheep_minor_cross, uniq_ijyb
D:4:      layout_basic, nicolae_overflow_hidden_temple,
          minmay_temple_entry_overgrown, dreamdust_mushroom_princess,
          uniq_sigmund
D:5:      layout_rooms, kennysheep_vampire_church,
          nicolae_qazlal_eye_of_the_storm, enter_ossuary_1, uniq_duvessa
D:6:      layout_layer_cave, mainiacjoe_overflow_chevrons, minmay_misc_feat_iff,
          chequers_serial_rivers_small_b, minmay_misc_feat_doors
D:7:      layout_loops_cross, kennysheep_mini, gammafunk_temple_overflow_statue
D:8:      layout_rooms, zin_angel, lair_entry_dummy
Temple:   oiseaux_autumnal_temple

Skill      XL: |  1  2  3  4  5  6  7  8  9 |
---------------+----------------------------+-----
Shields        | 4 5 6 |  6.8
Armour         | 4 5 6 7 8 |  8.9
Fighting       | 4 5 6 7 |  7.8
Long Blades    | 3 |  3.6
Axes           | 3 4 6 8 10 | 10.4
Dodging        | 1 2 3 |  3.3
Stealth        | 1 |  1.0
Throwing       | |  0.1

Action                     |  1- 3 |  4- 6 |  7- 9 || total
---------------------------+-------+-------+-------++-------
  Melee: Long sword        |    45 |       |       ||    45
         Headbutt          |    10 |    17 |    52 ||    79
         War axe           |    17 |    98 |   303 ||   418
  Throw: Dart              |       |     1 |       ||     1
    Use: Scroll            |       |       |     8 ||     8
         Potion            |       |       |     4 ||     4
   Stab: Distracted        |       |       |     2 ||     2
 Armour: Scale mail        |    39 |       |       ||    39
         Chain mail        |       |    58 |   148 ||   206
  Dodge: Dodged            |    45 |    44 |    85 ||   174
  Block: Buckler           |    16 |    30 |    36 ||    82
         Tower shield      |       |       |   108 ||   108

Table legend: (Time is in decaauts)
 A = Elapsed time spent in this place.
 B = Non-inter-level travel time spent in this place.
 C = Inter-level travel time spent in this place.
 D = Time resting spent in this place.
 E = Time spent auto-exploring this place.
 F = Levels seen in this place.
 G = Mean time per level.
                   A        B        C        D        E       F      G
               +--------+--------+--------+--------+--------+-----+--------+
         Total |   7386 |   7198 |    188 |   1024 |      0 |  10 |  738.6 |
       Dungeon |   6967 |   6779 |    188 |   1024 |      0 |   8 |  870.9 |
        Temple |    155 |    155 |      0 |      0 |      0 |   1 |  155.0 |
       Ossuary |    263 |    263 |      0 |      0 |      0 |   1 |  263.0 |
               +--------+--------+--------+--------+--------+-----+--------+

Top non-repeatable levels by time:
     D:4: 1305 daAuts
     D:6: 1136 daAuts
     D:7: 1060 daAuts
     D:5: 1026 daAuts
     D:3: 937 daAuts
     D:1: 575 daAuts
     D:2: 496 daAuts
     D:8: 430 daAuts
 Ossuary: 263 daAuts
  Temple: 155 daAuts
